Map: Hardwire LE

Players

AGOElazer (Elazer) - Winner!

  • Race: Zerg Zerg
  • League: Master

ShoWTimE

  • Race: Protoss Protoss
  • League: Grandmaster

Event: DreamHack SC2 Masters Last Chance 2022

VOD

Have the link to the VOD?

Description

Time

  • Played on: Dec. 19, 2021, 10:37 p.m.
  • Length: 14:21

All games in this series

Show
View Real Time Build Order
Export as new Build Order

AGOElazer Zerg - Winner!

Build Orders: Hatch First 

Get SALT Encoding   

  12  0:00  Drone  
  13  0:12  Overlord  
  13  0:16  Drone  
  14  0:30  Drone x2  
  16  0:48  Hatchery  
  15  0:50  Drone  
  15  0:54  Drone  
  17  0:57  Drone  
  18  1:08  Extractor  
  17  1:12  Spawning Pool  
  17  1:16  Drone  
  17  1:19  Drone  
  18  1:28  Drone  
  19  1:39  Drone  
  20  1:49  Overlord  
  20  1:58  Queen  
  20  2:00  Queen  
  24  2:01  Zergling x2  
  24  2:02  Drone  
  26  2:12  Drone, Metabolic Boost  
  26  2:14  Zergling x2  
  28  2:21  Drone  
  28  2:22  Drone  
  30  2:32  Drone  
  30  2:33  Drone  
  32  2:37  Queen  
  32  2:43  Zergling x2  
  35  2:44  Overlord  
  35  2:51  Hatchery  
  35  2:54  Zergling x2  
  35  2:56  Zergling x2  
  36  3:02  Queen  
  38  3:06  Overlord  
  38  3:10  Drone x2  
  38  3:11  Drone  
  41  3:14  Drone  
  41  3:19  Drone  
  43  3:20  Drone  
  43  3:24  Overlord  
  43  3:26  Drone  
  45  3:27  Drone  
  45  3:31  Drone  
  45  3:33  Queen  
  49  3:42  Drone  
  49  3:46  Zergling x10  
  55  3:54  Spore Crawler  
  54  3:57  Drone  
  54  3:58  Drone  
  56  4:05  Drone x2  
  56  4:07  Drone  
  59  4:11  Drone x2  
  59  4:12  Drone  
  61  4:17  Drone x2  
  61  4:18  Spore Crawler  
  61  4:21  Queen  
  61  4:22  Drone  
  61  4:23  Spore Crawler  
  64  4:24  Drone  
  64  4:28  Overlord  
  65  4:31  Overlord  
  65  4:40  Overlord  
  65  4:45  Drone x3  
  64  4:48  Drone x3  
  64  4:49  Drone x2  
  64  4:50  Drone x3  
  64  4:51  Drone  
  64  4:52  Drone x2  
  74  4:59  Drone  
  75  5:05  Drone x2  
  77  5:07  Extractor  
  77  5:09  Zergling x4, Hatchery  
  77  5:10  Overlord  
  77  5:11  Drone  
  77  5:12  Drone  
  77  5:13  Drone  
  80  5:18  Queen x2  
  84  5:22  Drone  
  84  5:24  Lair  
  84  5:27  Extractor, Roach Warren  
  85  5:28  Drone x2  
  85  5:29  Extractor x2  
  85  5:33  Drone x5  
  88  5:36  Drone x3  
  88  5:41  Drone x2, Overlord  
  92  5:47  Drone x3  
  92  5:49  Extractor  
  94  5:53  Overlord  
  94  5:54  Drone x2  
  96  5:58  Drone x2  
  96  6:03  Overlord  
  96  6:06  Drone x4  
  96  6:07  Drone x2  
  102  6:12  Overlord  
  102  6:14  Evolution Chamber  
  102  6:16  Evolution Chamber  
  98  6:18  Drone x2  
  98  6:20  Drone  
  98  6:23  Infestation Pit  
  99  6:26  Roach x2  
  99  6:27  Roach x2  
  99  6:28  Overlord  
  99  6:30  Drone x4  
  111  6:34  Drone  
  111  6:36  Drone x5, Baneling Nest  
  116  6:40  Overlord  
  116  6:46  Zerg Missile Weapons Level 1  
  116  6:47  Pneumatized Carapace  
  115  6:50  Zergling x4  
  115  6:53  Zergling x4  
  119  6:54  Zergling x12  
  123  7:01  Drone  
  123  7:02  Drone  
  123  7:04  Extractor  
  123  7:08  Roach x6  
  136  7:12  Hive, Overlord  
  136  7:16  Roach x3  
  136  7:19  Centrifugal Hooks  
  136  7:20  Hatchery  
  141  7:24  Overlord  
  141  7:26  Baneling x4  
  141  7:28  Roach x4  
  149  7:38  Zergling x22, Spore Crawler  
  149  7:42  Baneling  
  149  7:43  Baneling x3  
  159  7:46  Ravager  
  159  7:47  Ravager x4  
  159  8:00  Overlord x4  
  159  8:05  Baneling x19  
  156  8:08  Baneling x6  
  154  8:18  Queen  
  155  8:25  Zergling x30  
  155  8:26  Zergling x4  
  167  8:32  Overlord x2  
  167  8:37  Ravager  
  167  8:38  Ravager x5  
  173  8:42  Zerg Melee Weapons Level 1  
  173  8:54  Zergling x14  
  173  8:55  Zergling x32  
  173  9:03  Zergling x4  
  173  9:04  Zergling x4, Baneling x2  
  173  9:05  Baneling x18  
  173  9:06  Ravager x2  
  175  9:11  Zergling x6  
  175  9:14  Zergling x10  
  183  9:22  Roach x5  
  183  9:23  Glial Reconstitution  
  182  9:36  Roach x9  
  183  9:42  Roach x4  
  180  9:51  Baneling x14  
  180  9:55  Zergling x12  
  180  9:56  Zergling x2  
  185  10:01  Zergling x10  
  181  10:18  Zergling x30  
  188  10:27  Roach x5  
  189  10:36  Baneling x25  
  189  10:45  Baneling x11  
  187  10:51  Zergling x6  
  189  10:59  Baneling x11  
  187  11:13  Overlord x2  
  177  11:23  Zergling x18, Roach x6  
  152  11:36  Roach x9  
  152  11:39  Roach  
  137  11:49  Roach x2  
  137  11:50  Roach x3  
  137  11:52  Roach  
  137  12:02  Roach  
  137  12:03  Roach x4  
  137  12:07  Ravager x4  
  137  12:08  Ravager x4  
  152  12:15  Zergling x2  
  152  12:16  Zergling x8  
  152  12:21  Zergling x8  
  161  12:27  Zergling x4  
  161  12:28  Zergling x6  
  163  12:41  Zergling x20  
  168  12:54  Zergling x12  
  148  13:05  Zergling x10  
  148  13:12  Roach x3  
  115  13:20  Roach x5  
  108  13:37  Roach x5  
  115  13:42  Zergling x2  
  115  13:43  Ravager, Zergling x6  
  120  13:50  Zergling x10  
  120  13:52  Ravager x2  
  127  14:01  Zergling x8  
Show
View Real Time Build Order
Export as new Build Order

ShoWTimE Protoss 

Build Orders: 1 Gate Expand, Oracle Opening, Zealot Archon 

Get SALT Encoding   

  12  0:00  Probe  
  13  0:12  Probe  
  14  0:19  Pylon  
  14  0:24  Probe  
  15  0:37  Probe (Chrono Boost)  
  15  0:39  Gateway  
  16  0:46  Probe (Chrono Boost)  
  16  0:48  Assimilator  
  17  0:51  Probe  
  18  1:03  Probe  
  19  1:15  Probe  
  20  1:25  Nexus  
  20  1:35  Cybernetics Core  
  20  1:38  Probe  
  21  1:44  Assimilator  
  21  1:50  Probe  
  21  1:53  Pylon  
  22  2:02  Probe  
  23  2:09  Adept (Chrono Boost)  
  23  2:14  Probe  
  26  2:24  Stargate  
  26  2:26  Probe (Chrono Boost)  
  26  2:29  Adept (Chrono Boost)  
  27  2:35  Warp Gate  
  29  2:37  Probe (Chrono Boost)  
  31  2:44  Probe (Chrono Boost)  
  31  2:46  Probe (Chrono Boost)  
  31  2:51  Adept, Probe x2 (Chrono Boost)  
  36  3:02  Probe  
  36  3:03  Probe  
  38  3:06  Oracle (Chrono Boost)  
  38  3:07  Pylon  
  41  3:14  Probe  
  41  3:15  Probe  
  43  3:26  Gateway, Probe  
  46  3:28  Probe  
  46  3:33  Oracle (Chrono Boost)  
  47  3:37  Pylon  
  47  3:39  Probe  
  47  3:40  Probe  
  50  3:51  Probe  
  50  3:52  Probe  
  52  3:56  Nexus  
  52  4:03  Probe  
  52  4:04  Probe, Pylon  
  52  4:09  Oracle (Chrono Boost)  
  54  4:15  Probe  
  54  4:16  Probe  
  54  4:17  Assimilator  
  59  4:19  Assimilator  
  59  4:21  Nexus  
  59  4:26  Adept x2  
  59  4:27  Probe  
  59  4:28  Probe  
  65  4:33  Pylon  
  65  4:39  Probe  
  65  4:41  Probe  
  67  4:49  Forge  
  67  4:50  Robotics Facility  
  67  4:51  Probe  
  68  4:55  Sentry x2  
  68  4:56  Probe  
  73  5:02  Pylon  
  73  5:05  Probe  
  74  5:09  Probe  
  74  5:11  Twilight Council  
  75  5:17  Probe  
  75  5:21  Probe  
  77  5:23  Protoss Ground Weapons Level 1  
  77  5:27  Gateway x2  
  77  5:28  Shield Battery  
  77  5:30  Sentry  
  77  5:31  Zealot  
  77  5:33  Probe (Chrono Boost)  
  77  5:34  Probe (Chrono Boost)  
  84  5:38  Probe (Chrono Boost)  
  86  5:43  Probe (Chrono Boost)  
  86  5:45  Immortal (Chrono Boost), Probe (Chrono Boost)  
  86  5:47  Probe (Chrono Boost)  
  86  5:48  Probe (Chrono Boost)  
  91  5:50  Charge (Chrono Boost)  
  91  5:54  Probe  
  91  5:56  Pylon  
  93  5:57  Probe  
  93  6:00  Probe  
  95  6:06  Probe  
  95  6:09  Probe  
  93  6:11  Gateway  
  93  6:12  Assimilator, Probe  
  93  6:13  Gateway, Pylon  
  93  6:16  Assimilator  
  93  6:18  Probe  
  95  6:25  Gateway  
  97  6:28  Warp Prism (Chrono Boost)  
  97  6:29  Gateway  
  97  6:30  Photon Cannon  
  97  6:38  Gateway  
  97  6:40  Pylon  
  97  6:44  Templar Archives  
  97  6:47  Zealot x3  
  97  6:48  Zealot  
  105  7:00  Immortal (Chrono Boost)  
  105  7:02  Pylon  
  109  7:13  Robotics Bay  
  109  7:14  Pylon  
  109  7:18  Robotics Facility  
  109  7:19  Nexus  
  109  7:21  Photon Cannon  
  109  7:23  Photon Cannon, High Templar x4  
  109  7:27  Probe x3  
  109  7:28  Archon x2  
  120  7:33  Shield Battery  
  120  7:34  Stalker  
  120  7:36  Pylon  
  122  7:39  Zealot, Probe x2  
  122  7:40  Photon Cannon  
  122  7:44  Probe  
  127  7:45  Assimilator  
  127  7:48  Assimilator  
  127  7:49  Protoss Ground Weapons Level 2 (Chrono Boost)  
  128  7:51  Probe  
  128  7:53  Probe  
  128  7:58  High Templar x4  
  129  8:01  Probe, Pylon  
  129  8:04  Archon x2  
  129  8:05  Phoenix (Chrono Boost)  
  130  8:08  Photon Cannon, Stalker  
  130  8:11  Stalker  
  136  8:13  Stalker  
  136  8:18  Zealot x2  
  136  8:19  Probe x2  
  144  8:21  Probe  
  145  8:31  Probe  
  146  8:41  Photon Cannon  
  146  8:42  High Templar x2  
  146  8:46  Archon  
  146  8:47  Photon Cannon  
  150  8:49  Photon Cannon, Zealot x7  
  150  8:51  Probe  
  145  9:05  Probe x2  
  145  9:07  Probe  
  145  9:09  High Templar x4  
  150  9:10  Zealot x3  
  150  9:13  Archon x2, Pylon  
  150  9:14  Pylon  
  156  9:23  Photon Cannon  
  154  9:26  Pylon  
  157  9:31  Immortal (Chrono Boost)  
  135  9:44  High Templar x2  
  135  9:45  Zealot x7  
  149  9:47  Psionic Storm  
  149  9:48  Archon  
  149  9:51  Nexus  
  149  9:56  Nexus  
  149  10:05  Pylon  
  149  10:08  High Templar x2  
  145  10:24  High Templar x2  
  144  10:29  Archon  
  144  10:32  Pylon  
  144  10:33  Pylon  
  144  10:35  Pylon  
  143  10:36  Pylon  
  143  10:37  Pylon  
  143  10:52  Pylon  
  143  10:54  Zealot x7, Protoss Ground Weapons Level 3 (Chrono Boost), Pylon  
  157  11:02  Nexus  
  155  11:04  High Templar x2  
  155  11:08  Pylon  
  153  11:17  Archon x2  
  151  11:21  Stalker  
  151  11:22  Zealot x6  
  126  11:38  Zealot x2  
  126  11:39  Immortal  
  120  11:45  Probe  
  120  11:46  Probe x2  
  116  11:47  High Templar x3  
  116  11:48  Photon Cannon  
  116  11:54  High Templar  
  116  11:57  Assimilator  
  116  11:58  Probe x2  
  120  12:04  Photon Cannon  
  120  12:07  Photon Cannon  
  120  12:08  Shield Battery  
  120  12:10  Shield Battery  
  120  12:15  Assimilator, High Templar x2  
  122  12:16  Zealot x3  
  122  12:18  Observer  
  122  12:19  Assimilator  
  122  12:20  Archon  
  131  12:23  Zealot x3  
  131  12:26  Phoenix  
  139  12:34  Zealot  
  141  12:39  Immortal (Chrono Boost)  
  141  12:46  Zealot x5  
  141  12:49  Zealot x3  
  153  12:56  Zealot, Archon  
  122  13:06  Zealot x4  
  122  13:07  Zealot  
  122  13:10  Zealot x3  
  128  13:17  Zealot  
  90  13:30  Zealot x5  
  90  13:40  High Templar x4  
  89  13:44  Archon  
  89  13:45  Archon  
  82  13:53  High Templar x4  
  90  13:57  Archon x2  
  89  14:04  Nexus  
  89  14:05  Pylon  
  89  14:08  Zealot x2  

Tags
 
Add a new tag
Caveats
  • Supply blocks, unpowered buildings, or Contaminate may cause inaccurate times.
  • Supply counts are checked every 10 seconds.